[ AOE2 MATCH · #506426139 ]
UnrankedMuisca vs Byzantines
Player's team · WIN
[ REPLAY ANALYSIS · EXTRACTED FROM THE RECORDED GAME ]
Feudal
10:38
Castle
23:56
Imperial
—
| APM avg | 76.6 |
| APM peak | 137 |
| eAPM avg | 26.0 |
| Villagers / military | 58 / 12 |
Focus
⚔️ 27.4% · 🌾 72.6%
Unknown (2550) ×55 · Monk ×8 · Spearman ×3 · Mangonel ×1
Feudal
8:53
Castle
25:18
Imperial
—
| APM avg | 78.9 |
| APM peak | 118 |
| eAPM avg | 20.9 |
| Villagers / military | 73 / 50 |
Focus
⚔️ 36.2% · 🌾 63.8%
Archer ×38 · Scout Cavalry ×11 · Skirmisher ×1
Match map
Initial resources + every placement click. Lines = walls · curves = elevation contours. ◆ gold · ⬟ stone · ● berries · ✦ relic · ◌ wall gap
Your base· Open — unwalled flank
LukeTheHunter's base· ✓ Closed at 25:18 · 84t walls · 1 gate(s)
Smoothed initial terrain · ◌ = detected wall gap · hover for details
Inputs per minute
— Gil-galad - - LukeTheHunter
Build order — Gil-galad
First 150 of 204 actions detected
| 0:00 | Create | Villager (Male) |
| 0:00 | Create | Villager (Male) |
| 0:01 | Create | Villager (Male) |
| 0:02 | Build | House |
| 0:03 | Build | House |
| 0:06 | Create | Villager (Male) |
| 1:29 | Create | Villager (Male) |
| 1:45 | Build | Settlement |
| 1:58 | Create | Villager (Male) |
| 1:58 | Create | Villager (Male) |
| 2:13 | Create | Villager (Male) |
| 2:13 | Create | Villager (Male) |
| 2:45 | Create | Villager (Male) |
| 2:45 | Create | Villager (Male) |
| 3:08 | Create | Villager (Male) |
| 3:36 | Create | Villager (Male) |
| 3:57 | Create | Villager (Male) |
| 3:57 | Create | Villager (Male) |
| 4:19 | Build | Barracks |
| 4:28 | Create | Villager (Male) |
| 4:28 | Create | Villager (Male) |
| 4:35 | Build | House |
| 4:49 | Create | Villager (Male) |
| 4:49 | Create | Villager (Male) |
| 4:49 | Create | Villager (Male) |
| 5:21 | Create | Villager (Male) |
| 5:37 | Create | Unit 2550 |
| 5:53 | Create | Unit 2550 |
| 6:06 | Create | Villager (Male) |
| 6:37 | Create | Villager (Male) |
| 6:42 | Build | Settlement |
| 6:45 | Build | Settlement |
| 6:48 | Create | Unit 2550 |
| 7:13 | Create | Villager (Male) |
| 7:18 | Create | Villager (Male) |
| 7:28 | Create | Villager (Male) |
| 7:45 | Research | Loom |
| 8:27 | Research | Feudal Age |
| 8:46 | Build | Settlement |
| 9:53 | Create | Villager (Male) |
| 10:04 | Build | Barracks |
| 10:29 | Create | Villager (Male) |
| 10:38 | Age | Feudal Age |
| 10:41 | Research | Tech 1402 |
| 10:46 | Research | Double-Bit Axe |
| 10:56 | Build | House |
| 11:06 | Create | Spearman |
| 11:11 | Create | Villager (Male) |
| 11:18 | Research | Horse Collar |
| 11:19 | Research | Horse Collar |
| 11:24 | Create | Spearman |
| 11:40 | Create | Spearman |
| 11:50 | Create | Villager (Male) |
| 11:52 | Build | Farm |
| 11:54 | Build | Farm |
| 12:09 | Create | Villager (Male) |
| 12:25 | Create | Unit 2550 |
| 12:25 | Create | Unit 2550 |
| 12:25 | Create | Villager (Male) |
| 12:41 | Build | Barracks |
| 12:46 | Build | Farm |
| 12:54 | Create | Villager (Male) |
| 12:57 | Build | Farm |
| 12:58 | Create | Unit 2550 |
| 13:11 | Build | Farm |
| 13:13 | Create | Unit 2550 |
| 13:13 | Create | Unit 2550 |
| 13:26 | Build | Farm |
| 13:36 | Create | Unit 2550 |
| 13:39 | Build | Farm |
| 13:42 | Build | Farm |
| 13:58 | Create | Villager (Male) |
| 14:11 | Build | Farm |
| 14:13 | Build | Farm |
| 14:13 | Create | Villager (Male) |
| 14:15 | Build | Farm |
| 14:24 | Create | Unit 2550 |
| 14:24 | Create | Unit 2550 |
| 14:24 | Create | Unit 2550 |
| 14:27 | Build | House |
| 14:30 | Build | Farm |
| 14:42 | Create | Unit 2550 |
| 14:45 | Build | House |
| 14:46 | Build | Palisade Wall |
| 15:01 | Create | Unit 2550 |
| 15:04 | Create | Villager (Male) |
| 15:07 | Build | Farm |
| 15:08 | Build | Farm |
| 15:10 | Build | Farm |
| 15:19 | Create | Unit 2550 |
| 15:19 | Create | Unit 2550 |
| 15:19 | Create | Unit 2550 |
| 15:36 | Create | Villager (Male) |
| 15:39 | Build | Blacksmith |
| 15:42 | Create | Unit 2550 |
| 15:53 | Create | Villager (Male) |
| 16:02 | Create | Unit 2550 |
| 16:02 | Create | Unit 2550 |
| 16:06 | Build | House |
| 16:09 | Create | Unit 2550 |
| 16:15 | Build | Farm |
| 16:18 | Build | Farm |
| 16:33 | Create | Villager (Male) |
| 16:35 | Create | Unit 2550 |
| 16:42 | Create | Unit 2550 |
| 16:49 | Build | Farm |
| 16:50 | Build | Farm |
| 17:10 | Create | Villager (Male) |
| 17:12 | Research | Scale Mail Armor |
| 17:12 | Research | Scale Mail Armor |
| 17:37 | Create | Villager (Male) |
| 17:37 | Create | Unit 2550 |
| 17:38 | Create | Unit 2550 |
| 17:41 | Build | Farm |
| 17:42 | Build | Farm |
| 17:46 | Create | Unit 2550 |
| 17:50 | Build | Farm |
| 17:52 | Build | Farm |
| 17:53 | Build | House |
| 18:00 | Create | Unit 2550 |
| 18:01 | Create | Villager (Male) |
| 18:09 | Create | Unit 2550 |
| 18:16 | Build | House |
| 18:26 | Create | Unit 2550 |
| 18:35 | Create | Villager (Male) |
| 18:37 | Create | Unit 2550 |
| 18:48 | Create | Unit 2550 |
| 18:51 | Create | Unit 2550 |
| 19:00 | Build | Market |
| 19:02 | Build | House |
| 19:03 | Create | Villager (Male) |
| 19:12 | Build | Settlement |
| 19:14 | Create | Villager (Male) |
| 19:33 | Create | Villager (Male) |
| 19:43 | Build | House |
| 19:49 | Build | Palisade Wall |
| 19:55 | Build | Watch Tower |
| 20:22 | Create | Villager (Male) |
| 20:58 | Build | Watch Tower |
| 21:16 | Research | Castle Age |
| 21:16 | Research | Castle Age |
| 21:17 | Research | Castle Age |
| 21:36 | Build | Watch Tower |
| 22:22 | Build | Watch Tower |
| 22:33 | Research | Forging |
| 22:34 | Create | Unit 2550 |
| 22:34 | Create | Unit 2550 |
| 22:34 | Create | Unit 2550 |
| 22:42 | Build | House |
| 22:43 | Build | House |
Build order — LukeTheHunter
First 150 of 236 actions detected
| 0:01 | Create | Villager (Male) |
| 0:01 | Create | Villager (Male) |
| 0:02 | Build | House |
| 0:03 | Build | House |
| 0:07 | Create | Villager (Male) |
| 0:07 | Create | Villager (Male) |
| 1:29 | Create | Villager (Male) |
| 2:02 | Build | Lumber Camp |
| 2:03 | Create | Villager (Male) |
| 2:19 | Create | Villager (Male) |
| 2:51 | Create | Villager (Male) |
| 3:08 | Create | Villager (Male) |
| 3:32 | Create | Villager (Male) |
| 3:53 | Build | House |
| 4:00 | Create | Villager (Male) |
| 4:17 | Build | Mill |
| 4:33 | Create | Villager (Male) |
| 4:51 | Create | Villager (Male) |
| 5:08 | Create | Villager (Male) |
| 5:31 | Create | Villager (Male) |
| 5:47 | Research | Loom |
| 6:43 | Research | Feudal Age |
| 6:52 | Build | Palisade Wall |
| 6:53 | Build | Palisade Wall |
| 6:54 | Build | Palisade Wall |
| 6:54 | Build | Palisade Wall |
| 6:59 | Build | House |
| 7:00 | Build | Palisade Wall |
| 7:01 | Build | Palisade Wall |
| 7:05 | Build | Palisade Wall |
| 7:28 | Build | Barracks |
| 8:14 | Create | Villager (Male) |
| 8:45 | Build | House |
| 8:53 | Age | Feudal Age |
| 8:55 | Build | Stable |
| 9:00 | Research | Double-Bit Axe |
| 9:09 | Create | Villager (Male) |
| 9:40 | Create | Scout Cavalry |
| 9:40 | Create | Scout Cavalry |
| 9:53 | Build | Farm |
| 9:54 | Build | Farm |
| 9:59 | Create | Villager (Male) |
| 10:03 | Create | Villager (Male) |
| 10:03 | Create | Villager (Male) |
| 10:10 | Build | Farm |
| 10:29 | Build | Farm |
| 10:31 | Create | Villager (Male) |
| 10:41 | Build | Mill |
| 10:46 | Create | Villager (Male) |
| 11:00 | Create | Scout Cavalry |
| 11:01 | Create | Scout Cavalry |
| 11:08 | Build | Palisade Wall |
| 11:09 | Build | Palisade Wall |
| 11:10 | Build | Palisade Wall |
| 11:10 | Build | Palisade Wall |
| 11:11 | Build | Palisade Wall |
| 11:11 | Build | Palisade Wall |
| 11:16 | Build | Farm |
| 11:16 | Build | Farm |
| 11:25 | Create | Villager (Male) |
| 11:25 | Create | Villager (Male) |
| 11:30 | Build | Palisade Wall |
| 11:31 | Build | Palisade Wall |
| 11:31 | Build | Palisade Wall |
| 11:32 | Build | Palisade Wall |
| 11:32 | Build | Palisade Wall |
| 11:33 | Build | Palisade Wall |
| 11:33 | Build | Palisade Wall |
| 11:44 | Build | Farm |
| 11:47 | Create | Villager (Male) |
| 12:16 | Create | Villager (Male) |
| 12:20 | Build | Farm |
| 12:21 | Build | Farm |
| 12:32 | Create | Villager (Male) |
| 12:36 | Build | Farm |
| 12:37 | Build | Farm |
| 12:44 | Build | House |
| 12:45 | Create | Scout Cavalry |
| 12:45 | Create | Scout Cavalry |
| 12:55 | Build | House |
| 12:56 | Build | Palisade Wall |
| 13:04 | Create | Villager (Male) |
| 13:10 | Build | Farm |
| 13:13 | Build | Palisade Wall |
| 13:15 | Build | Palisade Wall |
| 13:19 | Create | Villager (Male) |
| 13:31 | Build | Palisade Wall |
| 13:35 | Build | Mining Camp |
| 13:40 | Create | Villager (Male) |
| 13:58 | Create | Villager (Male) |
| 13:58 | Create | Villager (Male) |
| 14:27 | Build | Archery Range |
| 14:28 | Create | Villager (Male) |
| 14:28 | Create | Villager (Male) |
| 14:48 | Create | Scout Cavalry |
| 14:48 | Create | Scout Cavalry |
| 15:09 | Create | Archer |
| 15:09 | Create | Archer |
| 15:11 | Build | House |
| 15:31 | Create | Scout Cavalry |
| 15:40 | Build | Blacksmith |
| 15:47 | Build | House |
| 15:49 | Create | Villager (Male) |
| 15:59 | Create | Archer |
| 16:05 | Build | Palisade Wall |
| 16:09 | Create | Villager (Male) |
| 16:10 | Create | Scout Cavalry |
| 16:17 | Research | Fletching |
| 16:33 | Create | Archer |
| 16:36 | Create | Villager (Male) |
| 16:38 | Build | Farm |
| 16:42 | Build | Farm |
| 16:50 | Create | Scout Cavalry |
| 16:53 | Create | Archer |
| 17:14 | Create | Villager (Male) |
| 17:14 | Create | Villager (Male) |
| 17:24 | Create | Villager (Male) |
| 17:39 | Create | Archer |
| 17:39 | Create | Archer |
| 17:45 | Build | Archery Range |
| 17:54 | Create | Archer |
| 18:12 | Create | Villager (Male) |
| 18:32 | Create | Villager (Male) |
| 18:42 | Create | Villager (Male) |
| 18:46 | Create | Villager (Male) |
| 18:46 | Create | Villager (Male) |
| 18:46 | Create | Villager (Male) |
| 18:47 | Create | Villager (Male) |
| 18:52 | Create | Archer |
| 18:52 | Create | Archer |
| 18:52 | Create | Archer |
| 18:52 | Create | Archer |
| 18:53 | Create | Skirmisher |
| 19:08 | Build | Farm |
| 19:11 | Build | House |
| 19:17 | Build | House |
| 19:21 | Build | Palisade Wall |
| 19:26 | Build | Palisade Wall |
| 19:28 | Build | Palisade Wall |
| 19:32 | Build | House |
| 19:38 | Research | Wheelbarrow |
| 20:00 | Build | House |
| 20:14 | Create | Archer |
| 20:14 | Create | Archer |
| 20:15 | Create | Villager (Male) |
| 20:38 | Create | Archer |
| 20:43 | Research | Gold Mining |
| 20:51 | Build | Farm |
| 20:52 | Build | Farm |
| 20:52 | Build | Farm |
Match timeline
| 4:19 | Gil-galad · first_building Barracks |
| 6:52 | LukeTheHunter · wall_segment Palisade Wall x1 |
| 6:53 | LukeTheHunter · wall_segment Palisade Wall x1 |
| 6:54 | LukeTheHunter · wall_segment Palisade Wall x1 |
| 6:54 | LukeTheHunter · wall_segment Palisade Wall x1 |
| 7:00 | LukeTheHunter · wall_segment Palisade Wall x1 |
| 7:01 | LukeTheHunter · wall_segment Palisade Wall x1 |
| 7:05 | LukeTheHunter · wall_segment Palisade Wall x1 |
| 7:28 | LukeTheHunter · first_building Barracks |
| 8:53 | LukeTheHunter · age_up feudal |
| 8:55 | LukeTheHunter · first_building Stable |
| 10:38 | Gil-galad · age_up feudal |
| 11:08 | LukeTheHunter · wall_segment Palisade Wall x1 |
| 11:09 | LukeTheHunter · wall_segment Palisade Wall x1 |
| 11:10 | LukeTheHunter · wall_segment Palisade Wall x1 |
| 11:10 | LukeTheHunter · wall_segment Palisade Wall x1 |
| 11:11 | LukeTheHunter · wall_segment Palisade Wall x1 |
| 11:11 | LukeTheHunter · wall_segment Palisade Wall x1 |
| 11:30 | LukeTheHunter · wall_segment Palisade Wall x1 |
| 11:31 | LukeTheHunter · wall_segment Palisade Wall x1 |
| 11:31 | LukeTheHunter · wall_segment Palisade Wall x1 |
| 11:32 | LukeTheHunter · wall_segment Palisade Wall x1 |
| 11:32 | LukeTheHunter · wall_segment Palisade Wall x1 |
| 11:33 | LukeTheHunter · wall_segment Palisade Wall x1 |
| 11:33 | LukeTheHunter · wall_segment Palisade Wall x1 |
| 12:56 | LukeTheHunter · wall_segment Palisade Wall x8 |
| 13:13 | LukeTheHunter · wall_segment Palisade Wall x1 |
| 13:15 | LukeTheHunter · wall_segment Palisade Wall x1 |
| 13:31 | LukeTheHunter · wall_segment Palisade Wall x10 |
| 14:27 | LukeTheHunter · first_building Archery Range |
| 14:46 | Gil-galad · wall_segment Palisade Wall x1 |
| 16:05 | LukeTheHunter · wall_segment Palisade Wall x1 |
| 19:21 | LukeTheHunter · wall_segment Palisade Wall x11 |
| 19:26 | LukeTheHunter · wall_segment Palisade Wall x16 |
| 19:28 | LukeTheHunter · wall_segment Palisade Wall x2 |
| 19:49 | Gil-galad · wall_segment Palisade Wall x4 |
| 20:51 | Gil-galad · first_market_sell 100 wood |
| 20:52 | Gil-galad · first_market_buy 100 stone |
| 22:19 | LukeTheHunter · wall_segment Palisade Wall x5 |
| 22:21 | LukeTheHunter · wall_segment Palisade Wall x3 |
| 22:23 | LukeTheHunter · wall_segment Palisade Wall x1 |
| 22:24 | LukeTheHunter · wall_segment Palisade Wall x1 |
| 22:25 | LukeTheHunter · wall_segment Palisade Wall x5 |
| 22:29 | LukeTheHunter · first_market_buy 100 food |
| 22:31 | LukeTheHunter · first_market_sell 100 stone |
| 23:56 | Gil-galad · age_up castle |
| 24:18 | Gil-galad · first_building Monastery |
| 25:09 | LukeTheHunter · wall_segment Stone Wall x1 |
| 25:18 | LukeTheHunter · age_up castle |
| 25:54 | Gil-galad · first_building Siege Workshop |
| 28:58 | LukeTheHunter · resign |
[ AI ANALYSIS · 1 CREDIT ]
What really happened in this match?
Wolo.gg analyzes every decision: build order, eco, micro, common mistakes by bracket. Personalized analysis on WhatsApp or Discord in 30 seconds.
Civ guide
Muisca
Perfil
Gil-galad